[ AOE2 MATCH · #499841023 ]
UnrankedJurchens vs Italians
Player's team · LOSS
Rival team · WIN
[ REPLAY ANALYSIS · EXTRACTED FROM THE RECORDED GAME ]
Feudal
8:51
Castle
20:53
Imperial
37:52
| APM avg | 63.8 |
| APM peak | 129 |
| eAPM avg | 35.8 |
| Villagers / military | 258 / 439 |
Focus
⚔️ 54.3% · 🌾 45.7%
Scout Cavalry ×181 · Cavalry Archer ×119 · Skirmisher ×116 · Monk ×7 · Unknown (1908) ×6 · Iron Pagoda ×5
Feudal
12:37
Castle
20:51
Imperial
42:17
| APM avg | 77.2 |
| APM peak | 116 |
| eAPM avg | 48.0 |
| Villagers / military | 225 / 518 |
Focus
⚔️ 57.7% · 🌾 42.3%
Scout Cavalry ×234 · Genoese Crossbowman ×116 · Skirmisher ×80 · Archer ×34 · Unknown (882) ×21 · Bombard Cannon ×12
Match map
Initial resources + every placement click. Lines = walls · curves = elevation contours. ◆ gold · ⬟ stone · ● berries · ✦ relic · ◌ wall gap
Your base· Open — opponent sealed themselves in
TAG_Sitaux's base· ✓ Closed at 20:51 · 32t walls · no gate
Smoothed initial terrain · ◌ = detected wall gap · hover for details
Inputs per minute
— OS+ | chart - - TAG_Sitaux
Build order — OS+ | chart
First 150 of 978 actions detected
| 0:00 | Create | Villager (Male) |
| 0:01 | Create | Villager (Male) |
| 0:01 | Build | House |
| 0:02 | Build | House |
| 0:03 | Create | Villager (Male) |
| 0:04 | Create | Villager (Male) |
| 0:04 | Create | Villager (Male) |
| 1:23 | Create | Villager (Male) |
| 1:23 | Create | Villager (Male) |
| 1:34 | Create | Villager (Male) |
| 1:34 | Create | Villager (Male) |
| 1:44 | Build | Lumber Camp |
| 2:07 | Create | Villager (Male) |
| 2:07 | Create | Villager (Male) |
| 2:28 | Create | Villager (Male) |
| 2:28 | Create | Villager (Male) |
| 3:03 | Create | Villager (Male) |
| 3:03 | Create | Villager (Male) |
| 3:35 | Create | Villager (Male) |
| 3:36 | Create | Villager (Male) |
| 3:38 | Create | Villager (Male) |
| 3:38 | Create | Villager (Male) |
| 3:49 | Build | House |
| 3:58 | Create | Villager (Male) |
| 3:58 | Create | Villager (Male) |
| 4:21 | Create | Villager (Male) |
| 4:21 | Create | Villager (Male) |
| 4:35 | Create | Villager (Male) |
| 4:40 | Build | Mill |
| 4:46 | Create | Villager (Male) |
| 4:46 | Create | Villager (Male) |
| 5:31 | Research | Loom |
| 6:35 | Research | Feudal Age |
| 7:28 | Build | Barracks |
| 7:28 | Create | Villager (Male) |
| 7:45 | Build | Palisade Wall |
| 7:46 | Build | House |
| 8:42 | Create | Villager (Male) |
| 8:51 | Age | Feudal Age |
| 8:54 | Build | Stable |
| 9:06 | Research | Double-Bit Axe |
| 9:06 | Create | Villager (Male) |
| 9:27 | Build | House |
| 9:36 | Create | Scout Cavalry |
| 9:44 | Create | Villager (Male) |
| 9:48 | Build | Mill |
| 9:56 | Create | Scout Cavalry |
| 10:06 | Create | Villager (Male) |
| 10:19 | Create | Villager (Male) |
| 10:33 | Create | Villager (Male) |
| 10:35 | Build | Archery Range |
| 10:39 | Create | Scout Cavalry |
| 10:49 | Build | Farm |
| 10:55 | Build | Palisade Wall |
| 10:56 | Build | Palisade Wall |
| 11:02 | Create | Villager (Male) |
| 11:10 | Build | House |
| 11:27 | Create | Villager (Male) |
| 11:37 | Create | Skirmisher |
| 11:49 | Build | Farm |
| 11:50 | Build | Farm |
| 11:50 | Build | Farm |
| 11:58 | Create | Skirmisher |
| 11:59 | Create | Villager (Male) |
| 12:05 | Build | House |
| 12:14 | Build | Farm |
| 12:18 | Create | Skirmisher |
| 12:19 | Create | Villager (Male) |
| 12:30 | Create | Scout Cavalry |
| 12:33 | Create | Villager (Male) |
| 12:36 | Build | Farm |
| 12:38 | Build | House |
| 12:40 | Create | Skirmisher |
| 12:46 | Create | Skirmisher |
| 13:00 | Build | Farm |
| 13:00 | Create | Villager (Male) |
| 13:06 | Create | Scout Cavalry |
| 13:13 | Build | Farm |
| 13:21 | Build | Farm |
| 13:32 | Create | Villager (Male) |
| 13:33 | Create | Skirmisher |
| 13:50 | Create | Skirmisher |
| 13:51 | Create | Villager (Male) |
| 13:53 | Build | Farm |
| 13:55 | Build | Farm |
| 14:19 | Create | Villager (Male) |
| 14:36 | Create | Villager (Male) |
| 14:39 | Build | Blacksmith |
| 14:52 | Build | House |
| 14:54 | Build | Farm |
| 15:04 | Create | Skirmisher |
| 15:09 | Create | Villager (Male) |
| 15:23 | Build | Mining Camp |
| 15:33 | Build | House |
| 16:00 | Build | House |
| 16:07 | Create | Villager (Male) |
| 16:11 | Build | Farm |
| 16:29 | Build | House |
| 16:30 | Create | Villager (Male) |
| 16:35 | Build | House |
| 16:36 | Create | Villager (Male) |
| 16:57 | Build | House |
| 16:58 | Build | House |
| 17:12 | Build | House |
| 17:15 | Build | House |
| 17:21 | Create | Skirmisher |
| 17:38 | Build | Palisade Wall |
| 17:38 | Build | Palisade Wall |
| 17:38 | Build | Palisade Wall |
| 18:00 | Build | Lumber Camp |
| 18:13 | Research | Castle Age |
| 18:13 | Research | Castle Age |
| 18:13 | Research | Castle Age |
| 18:16 | Research | Horse Collar |
| 18:27 | Create | Skirmisher |
| 18:31 | Build | House |
| 18:38 | Build | House |
| 18:38 | Create | Skirmisher |
| 18:43 | Research | Fletching |
| 19:15 | Build | Farm |
| 19:15 | Create | Skirmisher |
| 19:26 | Research | Padded Archer Armor |
| 19:28 | Build | Farm |
| 19:31 | Create | Skirmisher |
| 19:42 | Create | Skirmisher |
| 19:48 | Build | House |
| 19:49 | Build | Palisade Wall |
| 20:20 | Build | Farm |
| 20:53 | Age | Castle Age |
| 20:54 | Create | Villager (Male) |
| 20:55 | Research | Elite Skirmisher (upgrade) |
| 20:56 | Research | Bodkin Arrow |
| 20:56 | Research | Bodkin Arrow |
| 21:00 | Build | House |
| 21:01 | Create | Villager (Male) |
| 21:04 | Build | Town Center |
| 21:16 | Create | Steppe Lancer |
| 21:22 | Create | Villager (Male) |
| 21:27 | Create | Steppe Lancer |
| 21:39 | Create | Villager (Male) |
| 21:48 | Create | Villager (Male) |
| 21:52 | Create | Skirmisher |
| 22:00 | Create | Villager (Male) |
| 22:05 | Create | Villager (Male) |
| 22:14 | Build | House |
| 22:15 | Create | Villager (Male) |
| 22:31 | Create | Villager (Male) |
| 22:33 | Build | Monastery |
| 22:34 | Create | Villager (Male) |
| 22:35 | Create | Villager (Male) |
Build order — TAG_Sitaux
First 150 of 1140 actions detected
| 0:01 | Create | Villager (Male) |
| 0:01 | Create | Villager (Male) |
| 0:02 | Build | House |
| 0:02 | Build | House |
| 0:18 | Create | Villager (Male) |
| 0:21 | Create | Villager (Male) |
| 0:21 | Create | Villager (Male) |
| 1:32 | Create | Villager (Male) |
| 1:48 | Build | Lumber Camp |
| 1:54 | Create | Villager (Male) |
| 2:17 | Create | Villager (Male) |
| 2:40 | Create | Villager (Male) |
| 3:05 | Create | Villager (Male) |
| 3:05 | Create | Villager (Male) |
| 3:28 | Create | Villager (Male) |
| 3:28 | Create | Villager (Male) |
| 3:39 | Build | House |
| 3:44 | Build | House |
| 3:46 | Create | Villager (Male) |
| 4:18 | Create | Villager (Male) |
| 4:18 | Create | Villager (Male) |
| 4:28 | Build | Barracks |
| 4:48 | Create | Villager (Male) |
| 4:48 | Create | Villager (Male) |
| 5:18 | Build | House |
| 5:21 | Create | Militia |
| 5:21 | Create | Militia |
| 5:22 | Build | House |
| 5:24 | Create | Villager (Male) |
| 5:35 | Create | Militia |
| 5:35 | Create | Militia |
| 5:48 | Create | Villager (Male) |
| 5:54 | Build | Palisade Wall |
| 5:55 | Build | Palisade Wall |
| 6:12 | Create | Villager (Male) |
| 6:18 | Build | House |
| 6:31 | Build | Mill |
| 6:38 | Create | Villager (Male) |
| 6:55 | Build | House |
| 6:55 | Build | Palisade Wall |
| 7:01 | Build | Palisade Wall |
| 7:04 | Create | Villager (Male) |
| 7:31 | Research | Loom |
| 7:31 | Research | Loom |
| 7:45 | Build | Palisade Wall |
| 7:52 | Create | Villager (Male) |
| 8:03 | Build | Palisade Wall |
| 8:14 | Create | Villager (Male) |
| 8:38 | Build | Farm |
| 8:39 | Build | Farm |
| 8:39 | Create | Villager (Male) |
| 9:00 | Build | Palisade Wall |
| 9:04 | Build | Palisade Wall |
| 9:07 | Create | Villager (Male) |
| 9:16 | Build | Farm |
| 9:23 | Build | Mining Camp |
| 9:37 | Create | Villager (Male) |
| 9:46 | Build | Palisade Wall |
| 9:47 | Build | House |
| 9:54 | Build | House |
| 9:59 | Create | Villager (Male) |
| 10:09 | Build | Farm |
| 10:23 | Research | Feudal Age |
| 10:23 | Research | Feudal Age |
| 10:34 | Build | Farm |
| 10:59 | Create | Villager (Male) |
| 11:03 | Build | Farm |
| 12:24 | Create | Villager (Male) |
| 12:37 | Age | Feudal Age |
| 12:38 | Build | Archery Range |
| 12:42 | Build | Blacksmith |
| 12:56 | Create | Spearman |
| 12:59 | Create | Villager (Male) |
| 13:08 | Research | Double-Bit Axe |
| 13:08 | Research | Double-Bit Axe |
| 13:15 | Create | Spearman |
| 13:18 | Create | Villager (Male) |
| 13:30 | Create | Archer |
| 13:34 | Create | Spearman |
| 13:38 | Research | Fletching |
| 13:38 | Research | Fletching |
| 13:39 | Create | Villager (Male) |
| 13:50 | Create | Spearman |
| 13:54 | Create | Archer |
| 13:59 | Create | Villager (Male) |
| 14:07 | Create | Spearman |
| 14:29 | Create | Archer |
| 14:38 | Build | Market |
| 15:00 | Create | Archer |
| 15:03 | Create | Villager (Male) |
| 15:17 | Build | House |
| 15:23 | Build | Palisade Wall |
| 15:24 | Create | Villager (Male) |
| 15:27 | Build | House |
| 15:29 | Build | Farm |
| 15:35 | Build | House |
| 15:36 | Create | Villager (Male) |
| 15:36 | Build | Farm |
| 15:39 | Create | Archer |
| 15:50 | Build | Farm |
| 15:58 | Build | House |
| 16:00 | Build | House |
| 16:05 | Create | Archer |
| 16:11 | Create | Villager (Male) |
| 16:17 | Build | Farm |
| 16:30 | Build | Farm |
| 16:34 | Create | Villager (Male) |
| 16:39 | Build | Farm |
| 16:40 | Create | Archer |
| 17:00 | Build | Farm |
| 17:04 | Build | Farm |
| 17:12 | Build | Farm |
| 17:21 | Create | Villager (Male) |
| 17:34 | Build | House |
| 17:37 | Build | House |
| 17:39 | Build | House |
| 17:41 | Build | House |
| 17:43 | Create | Villager (Male) |
| 18:06 | Build | Lumber Camp |
| 18:11 | Research | Castle Age |
| 18:12 | Research | Castle Age |
| 18:13 | Create | Archer |
| 18:32 | Create | Archer |
| 18:39 | Research | Horse Collar |
| 18:39 | Research | Horse Collar |
| 19:02 | Research | Padded Archer Armor |
| 19:02 | Research | Padded Archer Armor |
| 19:07 | Create | Archer |
| 19:23 | Build | House |
| 19:28 | Build | House |
| 19:30 | Build | House |
| 19:50 | Build | House |
| 20:05 | Create | Villager (Male) |
| 20:24 | Build | Stable |
| 20:51 | Age | Castle Age |
| 20:54 | Research | Crossbowman (upgrade) |
| 20:55 | Research | Bodkin Arrow |
| 20:55 | Research | Bodkin Arrow |
| 21:00 | Create | Knight |
| 21:11 | Build | Palisade Gate |
| 21:16 | Create | Villager (Male) |
| 21:22 | Build | Town Center |
| 21:24 | Create | Knight |
| 21:35 | Create | Archer |
| 21:40 | Create | Knight |
| 21:42 | Build | House |
| 21:47 | Create | Villager (Male) |
| 21:55 | Create | Knight |
| 21:59 | Create | Villager (Male) |
| 22:14 | Create | Villager (Male) |
Match timeline
| 4:28 | TAG_Sitaux · first_building Barracks |
| 5:54 | TAG_Sitaux · wall_segment Palisade Wall x1 |
| 5:55 | TAG_Sitaux · wall_segment Palisade Wall x1 |
| 6:55 | TAG_Sitaux · wall_segment Palisade Wall x2 |
| 7:01 | TAG_Sitaux · wall_segment Palisade Wall x19 |
| 7:28 | OS+ | chart · first_building Barracks |
| 7:45 | OS+ | chart · wall_segment Palisade Wall x1 |
| 7:45 | TAG_Sitaux · wall_segment Palisade Wall x6 |
| 8:03 | TAG_Sitaux · wall_segment Palisade Wall x7 |
| 8:51 | OS+ | chart · age_up feudal |
| 8:54 | OS+ | chart · first_building Stable |
| 9:00 | TAG_Sitaux · wall_segment Palisade Wall x1 |
| 9:04 | TAG_Sitaux · wall_segment Palisade Wall x1 |
| 9:46 | TAG_Sitaux · wall_segment Palisade Wall x1 |
| 10:35 | OS+ | chart · first_building Archery Range |
| 10:55 | OS+ | chart · wall_segment Palisade Wall x2 |
| 10:56 | OS+ | chart · wall_segment Palisade Wall x1 |
| 12:37 | TAG_Sitaux · age_up feudal |
| 12:38 | TAG_Sitaux · first_building Archery Range |
| 15:23 | TAG_Sitaux · wall_segment Palisade Wall x1 |
| 17:38 | OS+ | chart · wall_segment Palisade Wall x1 |
| 17:38 | OS+ | chart · wall_segment Palisade Wall x1 |
| 17:38 | OS+ | chart · wall_segment Palisade Wall x1 |
| 19:49 | OS+ | chart · wall_segment Palisade Wall x1 |
| 20:24 | TAG_Sitaux · first_building Stable |
| 20:51 | TAG_Sitaux · age_up castle |
| 20:53 | OS+ | chart · age_up castle |
| 22:33 | OS+ | chart · first_building Monastery |
| 23:51 | TAG_Sitaux · wall_segment Palisade Wall x1 |
| 26:41 | TAG_Sitaux · wall_segment Palisade Wall x1 |
| 27:14 | OS+ | chart · first_building Siege Workshop |
| 27:28 | TAG_Sitaux · first_building Siege Workshop |
| 34:03 | TAG_Sitaux · first_building Monastery |
| 34:52 | OS+ | chart · first_market_buy 100 wood |
| 35:07 | TAG_Sitaux · first_building Castle |
| 37:52 | OS+ | chart · age_up imperial |
| 37:59 | OS+ | chart · first_market_sell 100 wood |
| 38:51 | TAG_Sitaux · first_market_sell 500 wood |
| 38:51 | TAG_Sitaux · first_market_buy 100 food |
| 40:30 | TAG_Sitaux · first_building Dock |
| 42:17 | TAG_Sitaux · age_up imperial |
| 43:48 | OS+ | chart · first_building Castle |
| 47:28 | TAG_Sitaux · wall_segment Palisade Wall x1 |
| 47:29 | TAG_Sitaux · wall_segment Palisade Wall x1 |
| 47:30 | TAG_Sitaux · wall_segment Palisade Wall x1 |
| 47:31 | TAG_Sitaux · wall_segment Palisade Wall x1 |
| 52:56 | TAG_Sitaux · wall_segment Stone Wall x2 |
| 61:15 | OS+ | chart · wall_segment Palisade Wall x1 |
| 61:39 | OS+ | chart · resign |
[ AI ANALYSIS · 1 CREDIT ]
What really happened in this match?
Wolo.gg analyzes every decision: build order, eco, micro, common mistakes by bracket. Personalized analysis on WhatsApp or Discord in 30 seconds.
Civ guide
Jurchens
Perfil
Jugador #217905